 Dungeon Crawl Stone Soup version 0.30-a0-918-g0ff054e9dc (webtiles) character file.

Game seed: 2332016757513217372

33 gelatine the Shield-Bearer (level 3, -7/36 HPs)
             Began as a Troll Fighter on Mar 21, 2023.
             Mangled by an ogre
             ... wielding a +0 giant club
              (16 damage)
             ... on level 1 of the Dungeon.
             The game lasted 00:01:55 (709 turns).

gelatine the Shield-Bearer (Troll Fighter)           Turns: 709, Time: 00:01:56

Health: -7/36      AC:  8    Str: 30    XL:     3   Next: 12%
Magic:  2/2        EV:  8    Int:  3    God:
Gold:   62         SH:  7    Dex:  8    Spells: 2/2 levels left

rFire   . . .      SeeInvis .    a - +0 war axe
rCold   . . .      Faith    .    c - +0 kite shield
rNeg    . . .      Spirit   .    b - +0 robe
rPois   .          Reflect  .    (helmet restricted)
rElec   .          Rampage  .    (no cloak)
rCorr   .                        (gloves unavailable)
Will    +....                    (boots unavailable)
Stlth   +                        (no amulet)
HPRegen 1.06/turn                f - +4 ring of protection
MPRegen 0.08/turn                (no ring)

@: mighty
A: large, unfitting armour, claws 3, regeneration 1, shaggy fur 1, tough skin 1,
horns 1, strong-willed 1, strong 1
a: no special abilities


You were on level 1 of the Dungeon.
You visited 1 branch of the dungeon, and saw 1 of its levels.

You collected 62 gold pieces.

Inventory:

Hand Weapons
 a - a +0 war axe (weapon)
Armour
 b - a +0 robe (worn)
 c - a +0 kite shield (worn)
Jewellery
 f - a +4 ring of protection (left claw)
 g - a +6 ring of strength


   Skills:
 * Level 2.9 Fighting
 * Level 1.9 Axes
 * Level 2.6 Dodging
 * Level 3.0 Shields


You had 2 spell levels left.
You didn't know any spells.
Your spell library was empty.

Dungeon Overview and Level Annotations

Branches:
Dungeon (1/15)

Altars:


Innate Abilities, Weirdness & Mutations

You are too large for most types of armour.
You have claws for hands.
Your natural rate of healing is unusually fast.
You are covered in fur. (AC +1)
You have tough skin. (AC +1)
You have a pair of small horns on your head.
You are strong-willed. (Will+)
Your muscles are strong. (Str +4, Int/Dex -1)


Message History

You block the goblin's attack.
You slash the goblin!
You kill the goblin!
You now have 62 gold pieces (gained 9).
Things that are here:
a +0 dagger; a goblin corpse The orc shouts!
You hear a shout! x7
The orc shouts! x3
The orc shouts!
The ogre shouts!
The orc shouts! x2
The ogre shouts!
The orc shouts!
As you open the large door, it creaks loudly!
You slash the orc!
You kill the orc!
You hit the orc. The orc hits you but does no damage.
Your Shields skill increases to level 3!
You barely miss the orc. x2; You block the orc's attack. x3
You slash the orc!
You kill the orc!
You hit the orc. x2; The orc hits you with a +0 mace.
You have reached level 3!
Your experience leads to an increase in your attributes!
Increase (S)trength, (I)ntelligence, or (D)exterity?
You feel stronger. x3
You slash the orc!
You kill the orc!
You slash the orc!
You kill the orc!
You closely miss the orc.
The ogre hits you with a +0 giant club!!
Ouch! That really hurt!
* * * LOW HITPOINT WARNING * * *
The orc hits you but does no damage.
It was a potion of mutation.
You feel extremely strange.
You feel stronger. A pair of horns grows on your head!
You feel strong-willed. The orc hits you but does no damage.
The orc hits you with a +0 hand axe.
* * * LOW HITPOINT WARNING * * *
You feel very mighty all of a sudden. The ogre hits you with a +0 giant club!
You die...

#...##....................#.#
..#.#..#....#.............#.#
...#...#...#........###...#.#
#.##.......#.............[#.#
...#..#...#....########...#.#
.#..##...#....## ....#...#.#
#......#.....#####....#...#.#
.....##......8.#.#oo..#.....#
..#.............@OOr..#...###
.#..##.##.......oooO..#...#
...#...#.....8.#.#Oo..#...#
...#.#.).#...#####....#...#
#...##....##..## ....#...#
...#....#...#..########...#
##........)........†......#
###########################


You could see 4 ogres, 6 orcs and a rat.

Vanquished Creatures
  4 orcs (D:1)
  4 ball pythons (D:1)
  3 endoplasms (D:1)
  A giant cockroach (D:1)
  2 goblins (D:1)
  3 jackals (D:1)
  A quokka (D:1)
  A bat (D:1)
  3 kobolds (D:1)
  4 rats (D:1)
26 creatures vanquished.

Notes
Turn   | Place    | Note
-------+----------+-------------------------------------------
     0 | D:1      | gelatine the Troll Fighter began the quest for the Orb.
     0 | D:1      | Reached XP level 1. HP: 22/22 MP: 0/0
   175 | D:1      | Reached XP level 2. HP: 29/29 MP: 1/1
   692 | D:1      | Found a large runed translucent door.
   692 | D:1      | Found a large runed translucent door.
   694 | D:1      | Noticed an ogre
   695 | D:1      | Noticed an ogre
   696 | D:1      | Noticed an ogre
   698 | D:1      | Noticed an ogre
   705 | D:1      | Reached skill level 3 in Shields
   707 | D:1      | Reached XP level 3. HP: 32/36 MP: 2/2
   708 | D:1      | Gained mutation: Your muscles are strong. (Str +4, Int/Dex
                  | -1) [potion of mutation]
   708 | D:1      | Gained mutation: You have a pair of small horns on your
                  | head. [potion of mutation]
   708 | D:1      | Gained mutation: You are strong-willed. (Will+) [potion of
                  | mutation]
   709 | D:1      | Mangled by an ogre

Illustrated notes

Levels and vault maps discovered:
D:1:      erik_arrival_cave_to_civilisation [erik_arrival_cave_to_temple],
          layout_basic, minivault_25

Skill      XL: |  1  2 |
---------------+-------+-----
Shields        | 3 |  3.0
Fighting       | |  2.9
Axes           | |  1.9
Dodging        | |  2.6

Action                     || total
---------------------------++-------
  Melee: War axe           ||    67
    Use: Potion            ||     2
   Stab: Sleeping          ||     1
 Armour: Robe              ||    32
  Dodge: Dodged            ||    25
  Block: Kite shield       ||    22

Table legend: (Time is in decaauts)
 A = Elapsed time spent in this place.
 B = Non-inter-level travel time spent in this place.
 C = Inter-level travel time spent in this place.
 D = Time resting spent in this place.
 E = Time spent auto-exploring this place.
 F = Levels seen in this place.
 G = Mean time per level.
                   A        B        C        D        E       F      G
               +--------+--------+--------+--------+--------+-----+--------+
         Total |    745 |    745 |      0 |      0 |    525 |   1 |  745.0 |
       Dungeon |    745 |    745 |      0 |      0 |    525 |   1 |  745.0 |
               +--------+--------+--------+--------+--------+-----+--------+

Top non-repeatable levels by time:
     D:1: 745 daAuts
